 Dungeon Crawl Stone Soup version 0.31-a0-18-gea43df2a32 (webtiles) character file.

Game seed: 4048901056975041616

9421 senseless the Fighter (level 11, -19/87 (97) HPs)
             Began as a Hill Orc Fighter on May 10, 2023.
             Was a Priest of Beogh.
             Killed from afar by Josephine (24 damage)
             ... with a ghostly fireball
             ... on level 11 of the Dungeon.
             The game lasted 00:32:19 (10557 turns).

senseless the Fighter (Hill Orc Fighter)           Turns: 10557, Time: 00:32:19

HP:   -19/87 (97)   AC: 21    Str: 37    XL:     11   Next: 46%
MP:   17/17         EV:  8    Int:  8    God:    Beogh [***...]
Gold: 608           SH:  5    Dex: 10    Spells: 10/10 levels left

rFire   + + .        a - +11 short sword of Miyb {elec, *Rage rElec rPois Str+7}
rCold   . . .        c - +0 buckler
rNeg    . . .        P - +0 plate armour
rPois   +            k - +2 helmet
rElec   +            v - +0 cloak
rCorr   .            B - +0 pair of gloves
SInv    .            C - +0 pair of boots
Will    .....        i - amulet of faith Stlth
                     o - ring of protection from fire
HPRegen 0.34/turn    I - +6 ring of strength
MPRegen 0.15/turn

%: random rage (20%), faith
@: lethally poisoned (-19 -> -20), about to teleport, on berserk cooldown,
slowed, heavily drained, very slow
A: fire resistance 1
a: Renounce Religion, Smiting


You were on level 11 of the Dungeon.
You worshipped Beogh.
Beogh was most pleased with you.
You visited 1 branch of the dungeon, and saw 11 of its levels.
You also visited: Sewer.

You collected 608 gold pieces.

Inventory:

Hand Weapons
 a - the +11 short sword of Miyb (weapon) {elec, *Rage rElec rPois Str+7}
   (You found it on level 5 of the Dungeon)

   Str:       It affects your strength (+7).
   rElec:     It insulates you from electricity.
   rPois:     It protects you from poison.
   *Rage:     It berserks you when you make melee attacks (+20% chance).
 b - a +3 sling
 n - a +5 hand axe
 A - a +4 battleaxe
Missiles
 e - 5 atropa-tipped darts (quivered)
 z - 16 poisoned darts
 M - a curare-tipped dart
Armour
 c - a +0 buckler (worn)
 k - a +2 helmet (worn)
 v - a +0 cloak (worn)
 B - a +0 pair of gloves (worn)
 C - a +0 pair of boots (worn)
 G - a +2 chain mail of fire resistance
 P - a +0 plate armour (worn)
Jewellery
 i - an amulet of faith (around neck)
 m - an amulet of guardian spirit
 o - a ring of protection from fire (left hand)
 y - a ring of magical power
 D - a ring of positive energy
 I - a +6 ring of strength (right hand)
 J - a ring of flight
 Q - an amulet of regeneration
Wands
 j - a wand of mindburst (6)
 H - a wand of polymorph (8)
 K - a wand of acid (18)
Scrolls
 f - a scroll of immolation
 g - 3 scrolls of teleportation
 E - a scroll of enchant armour
 N - a scroll of silence
Potions
 d - 3 potions of might
 h - a potion of magic {unknown}
 l - a potion of degeneration {unknown}
 p - 4 potions of haste
 q - 2 potions of resistance {unknown}
 r - 3 potions of flight
 s - a potion of mutation
 t - 2 potions of invisibility
 u - a potion of brilliance {unknown}
 w - 5 potions of curing
 x - 2 potions of heal wounds {unknown}
 F - 3 potions of cancellation
 L - a potion of ambrosia {unknown}


   Skills:
 + Level 9.1 Fighting
 * Level 8.0 Short Blades
 - Level 5.7 Axes
 + Level 5.9 Ranged Weapons
 + Level 8.2 Armour
 + Level 8.2 Shields
 + Level 8.9 Invocations


You had 10 spell levels left.
You didn't know any spells.
Your spell library contained the following spells:

 Spells                   Type           Power      Damage    Failure   Level
 Beastly Appendage        Tmut           0%         N/A       95%         1
 Sting                    Tmut/Pois      0%         1d3       95%         1
 Ensorcelled Hibernation  Hex/Ice        0%         N/A       99%         2
 Lesser Beckoning         Tloc           0%         N/A       99%         2
 Passwall                 Tmut/Erth      0%         N/A       99%         2
 Poisonous Vapours        Pois/Air       0%         N/A       99%         2
 Wereblood                Tmut           0%         N/A       99%         2
 Dazzling Flash           Conj/Hex       0%         N/A       100%        3
 Gell's Gravitas          Tloc           0%         N/A       100%        3
 Inner Flame              Hex/Fire       0%         N/A       100%        3
 Spider Form              Tmut/Pois      0%         N/A       100%        3
 Swiftness                Air            0%         N/A       100%        3
 Teleport Other           Tloc           0%         N/A       100%        3
 Volatile Blastmotes      Fire/Tloc      0%         2d10      100%        3
 Flame Wave               Conj/Fire      0%         2d4       100%        4
 Iskenderun's Mystic Bla  Conj/Tloc      0%         2d3       100%        4
 Olgreb's Toxic Radiance  Pois           0%         N/A       100%        4
 Sticky Flame             Conj/Fire      0%         2d3       100%        4
 Starburst                Conj/Fire      0%         6d3       100%        6


Dungeon Overview and Level Annotations

Branches:
Dungeon (11/15)            Temple (0/1) D:6            Lair (0/5) D:9
  Sewer (visited)
    Orc: D:9-12

Altars:
Cheibriados
Dithmenos
Elyvilon
Gozag
Kikubaaqudgha
Qazlal
Ru
Uskayaw
Vehumet
Wu Jian
Yredelemnul
The Shining One

Annotations:
D:7 3 runed translucent doors, PostNTower's ghost, novice DsEE
D:8 1 runed translucent door, sastreii's ghost, novice AtFi
D:11 Josephine


Innate Abilities, Weirdness & Mutations

Your flesh is heat resistant. (rF+)


Message History

The wraith hits you but does no damage.
You hit Josephine.
Josephine is severely wounded.
You feel sick. Josephine casts a spell at you.
The ghostly flame explodes!
The ghostly fireball engulfs you.
You feel drained.
The ghostly fireball engulfs the wraith.
The wraith completely resists.
The ghostly fireball engulfs the wraith.
The wraith completely resists.
The ghostly fireball engulfs Josephine.
Josephine completely resists.
The wraith hits you! The wraith drains your vigour!
You feel as though you will be slow longer.
The wraith hits you but does no damage.
You hit Josephine.
Josephine is severely wounded.
You feel sick. Josephine barely misses you.
The wraith hits you but does no damage. x2
You hit Josephine.
Josephine is severely wounded.
You feel sick.
Josephine hits you with a +4 dagger of venom.
The wraith hits you but does no damage. The wraith completely misses you.
You puncture Josephine!
Josephine is almost dead.
You feel sick. Josephine draws life force from you!!
* * * LOW HITPOINT WARNING * * *
Josephine is healed by the life force!
The wraith misses you. The wraith barely misses you. x2
Okay, then.
As you read the scroll of teleportation, it crumbles to dust.
You feel strangely unstable.
You feel sick. Josephine barely misses you.
The wraith closely misses you. x2; The wraith hits you.
* * * LOW HITPOINT WARNING * * *
The wraith attacks as you move away! You block the wraith's attack.
You feel sick.
Josephine gestures at you while chanting.
The ghostly flame explodes!
The ghostly fireball engulfs you!!
You feel drained.
You die...

#...#...#.#..###.......
#.............##.#.....
#..######..##.#..#.....
#..#####..#.####.#.....
#...............)#.....
#......#........)<†....
#......+..>.....##.....
#......#........##.....
#....W@#...............
#....W.#...............
#....W@#...............
#.....W###########.....
#....#.. #####
#....#... #....#....
#.......... #... .....


You could see Josephine and 4 wraiths.

Vanquished Creatures
  A hydra (D:10)
  Maggie (D:6)
  A kobold demonologist (D:8)
  2 komodo dragons
  Psyche (D:9)
  A troll (D:9)
  A slime creature (D:11)
  A basilisk (D:8)
  2 wraiths
  Grum (D:8)
  13 yaks
  Menkaure (D:7)
  A steam dragon (D:9)
  Duvessa (D:7)
  2 orc warriors
  An ice beast (D:6)
  A sky beast (D:7)
  2 black bears
  An ogre (D:4)
  4 centaurs
  4 wolves
  4 phantoms
  4 kobold brigands
  6 scorpions
  3 bullfrogs
  2 gnoll sergeants
  3 wights (D:5)
  Dowan (D:7)
  14 killer bees
  2 howler monkeys
  5 hounds
  An orc priest (D:8)
  2 sleepcaps
  2 gnoll boudas
  2 iguanas
  5 orc wizards
  5 adders
  26 gnolls
  5 river rats (Sewer)
  A shadow imp (D:7)
  3 white imps
  2 worms
  5 dart slugs
  28 orcs
  5 bats
  11 endoplasms
  4 giant cockroaches
  8 goblins
  5 hobgoblins
  3 jackals (Sewer)
  2 quokkas
  8 ball pythons
  9 frilled lizards
  17 kobolds
  9 rats
255 creatures vanquished.

Notes
Turn   | Place    | Note
-------+----------+-------------------------------------------
     0 | D:1      | senseless the Hill Orc Fighter began the quest for the Orb.
     0 | D:1      | Reached XP level 1. HP: 19/19 MP: 1/1
   134 | D:1      | Reached XP level 2. HP: 27/27 MP: 2/2
   226 | D:1      | You fall into a shaft and drop 1 floor!
   247 | D:2      | Reached skill level 1 in Invocations
   588 | D:1      | Reached XP level 3. HP: 28/33 MP: 3/3
   631 | D:1      | Reached skill level 4 in Fighting
   944 | D:2      | Found an opulent altar of Gozag.
  1006 | D:2      | Reached XP level 4. HP: 16/40 MP: 2/5
  1010 | D:2      | HP: 2/40 [gnoll/+0 spear (2)]
  1296 | D:2      | Identified the +1 robe "Ivvacuce" {Slay+3 Stlth+}
  1992 | D:3      | Found an ancient bone altar of Kikubaaqudgha.
  2091 | D:3      | Found Dyevae's Antique Armour Shop.
  2106 | D:3      | Reached XP level 5. HP: 46/47 MP: 6/6
  2669 | D:4      | Noticed a phantom
  2683 | D:4      | Killed a phantom
  2684 | D:4      | Reached skill level 1 in Ranged Weapons
  2948 | D:3      | Reached XP level 6. HP: 7/53 MP: 3/8
  3197 | D:4      | Found a basalt altar of Yredelemnul.
  3328 | D:4      | Noticed a black bear
  3335 | D:4      | Killed a black bear
  3336 | D:4      | Reached skill level 5 in Fighting
  3435 | D:4      | Reached XP level 7. HP: 61/61 MP: 9/9
  3599 | D:5      | Entered Level 5 of the Dungeon
  3625 | D:5      | Reached skill level 5 in Axes
  3629 | D:5      | Reached skill level 5 in Armour
  3631 | D:5      | Reached skill level 5 in Shields
  3856 | D:5      | Found a glowing drain.
  3864 | D:5      | Reached XP level 8. HP: 69/69 MP: 11/11
  3881 | Sewer    | Entered a sewer
  4619 | D:5      | Reached skill level 6 in Fighting
  4746 | D:5      | Reached skill level 5 in Invocations
  4846 | D:5      | Identified the +11 short sword of Miyb {elec, *Rage rElec
                  | rPois Str+7}
  4850 | D:5      | Found a glowing golden altar of the Shining One.
  4850 | D:5      | Found a hide-covered altar of Uskayaw.
  4884 | D:5      | Reached skill level 1 in Short Blades
  5185 | D:6      | Noticed Maggie
  5195 | D:6      | Killed Maggie
  5248 | D:6      | Reached XP level 9. HP: 78/78 MP: 13/13
  5325 | D:6      | Found a white marble altar of Elyvilon.
  5565 | D:6      | Became a worshipper of Beogh the Brigand
  5728 | D:6      | Found a staircase to the Ecumenical Temple.
  5976 | D:6      | Gained mutation: You are dopey. (Int -2) [potion of
                  | mutation]
  5977 | D:6      | Lost mutation: You are dopey. (Int -2) [potion of mutation]
  5977 | D:6      | Gained mutation: Your flesh is heat resistant. (rF+)
                  | [potion of mutation]
  6072 | D:7      | Noticed Duvessa
  6076 | D:7      | Noticed Dowan
  6083 | D:7      | Killed Duvessa
  6084 | D:7      | Reached skill level 7 in Fighting
  6087 | D:7      | Killed Dowan
  6116 | D:7      | Found a sacrificial altar of Ru.
  6231 | D:7      | Noticed Menkaure
  6238 | D:7      | Killed Menkaure
  6286 | D:7      | Reached * piety under Beogh
  6409 | D:7      | Found a runed translucent gate.
  6410 | D:7      | Found a runed translucent gate.
  6411 | D:7      | Found a runed translucent gate.
  6421 | D:7      | Noticed PostNTower's ghost (novice DsEE)
  6759 | D:8      | Noticed Grum
  6934 | D:7      | Reached skill level 5 in Short Blades
  6938 | D:7      | Reached XP level 10. HP: 75/86 MP: 15/15
  7216 | D:8      | Killed Grum
  7311 | D:8      | Noticed a kobold demonologist
  7316 | D:8      | Noticed a rust devil
  7322 | D:8      | Killed a kobold demonologist
  7322 | D:8      | Reached ** piety under Beogh
  7414 | D:8      | Found a runed translucent door.
  7414 | D:8      | Noticed sastreii's ghost (novice AtFi)
  7668 | D:8      | Reached skill level 8 in Fighting
  8187 | D:8      | Reached skill level 5 in Ranged Weapons
  8395 | D:9      | Found a stormy altar of Qazlal.
  8434 | D:9      | Found a shadowy altar of Dithmenos.
  8525 | D:9      | Found a staircase to the Lair.
  8713 | D:9      | Found a radiant altar of Vehumet.
  8713 | D:9      | Found a faded altar of an unknown god.
  8721 | D:9      | Found an ornate altar of the Wu Jian Council.
  8723 | D:9      | Found a snail-covered altar of Cheibriados.
  8725 | D:9      | Found a faded altar of an unknown god.
  8887 | D:9      | Found an opulent altar of Gozag.
  8937 | D:9      | Noticed Psyche
  8946 | D:9      | Killed Psyche
  9132 | D:10     | Entered Level 10 of the Dungeon
  9147 | D:10     | Reached *** piety under Beogh
  9157 | D:10     | Reached XP level 11. HP: 95/95 MP: 17/17
 10274 | D:11     | Noticed a five-headed hydra
 10291 | D:10     | Killed a five-headed hydra
 10292 | D:10     | Reached skill level 9 in Fighting
 10501 | D:11     | Found an ancient bone altar of Kikubaaqudgha.
 10542 | D:11     | Noticed Josephine
 10557 | D:11     | Killed from afar by Josephine

Illustrated notes

Levels and vault maps discovered:
D:1:      ncdulo_halloftheorcs, layout_loops_cross, serial_bayou_pond_a
D:2:      layout_loops_corners, basic_altar, minmay_gold_behind_fungi,
          minmay_split_cup_large
D:3:      layout_basic, mainiacjoe_overflow_brackets, serial_shops, shop
D:4:      layout_loops_cross, overflow_temple_1_default
D:5:      layout_rooms, gammafunk_temple_overflow_statue,
          cheibrodos_sewer_entry_sluice
D:6:      layout_basic, nicolae_elyvilon_peaceful_grove, temple_doors_cd,
          uniq_maggie
D:7:      layout_rooms, mainiacjoe_overflow_six_doors_small,
          gammafunk_ghost_necromancy, uniq_menkaure, uniq_duvessa
D:8:      layout_basic, hellmonk_ghost_big_iron, chequers_jeans,
          bh_walls_and_bars, uniq_grum
D:9:      layout_loops_ring, general_overflow_altar, nicolae_gozag_seed_capital,
          mainiacjoe_overflow_alcove_2, chequers_temple_overflow_minitemple,
          grunt_lair_entry_orc_guard_hut, uniq_psyche
D:10:     layout_long_grid
D:11:     layout_stronghold, serial_shops, shop, nicolae_specific_store,
          minmay_ruined_shrine, uniq_josephine, uniq_maurice

Skill      XL: |  1  2  3  4  5  6  7  8  9 10 11 |
---------------+----------------------------------+-----
Axes           | 3 4 5 |  5.7
Invocations    | 1 2 3 4 5 7 8 |  8.9
Fighting       | 4 5 6 7 8 9 |  9.1
Armour         | 4 5 6 7 8 |  8.2
Ranged Weapons | 1 2 3 4 5 |  5.9
Shields        | 4 5 6 7 8 |  8.2
Short Blades   | 2 5 7 8 |  8.0

Action                     |  1- 3 |  4- 6 |  7- 9 | 10-12 || total
---------------------------+-------+-------+-------+-------++-------
  Melee: War axe           |    96 |   108 |    25 |       ||   229
         Hand axe          |       |       |   111 |       ||   111
         Short sword       |       |       |   147 |   238 ||   385
   Fire: Sling             |       |    42 |    75 |    54 ||   171
 Invoke: Convert to Beogh  |       |       |     1 |       ||     1
         Smiting           |       |       |       |     1 ||     1
  Evoke: Wand              |       |       |       |     7 ||     7
    Use: Scroll            |       |       |    13 |     8 ||    21
         Potion            |       |       |     3 |       ||     3
 Armour: Scale mail        |     5 |       |       |       ||     5
         Chain mail        |    52 |    55 |   180 |   162 ||   449
         Plate armour      |       |       |       |    40 ||    40
  Dodge: Dodged            |    36 |    54 |   132 |   127 ||   349
  Block: Buckler           |    20 |    29 |    60 |    83 ||   192

Table legend: (Time is in decaauts)
 A = Elapsed time spent in this place.
 B = Non-inter-level travel time spent in this place.
 C = Inter-level travel time spent in this place.
 D = Time resting spent in this place.
 E = Time spent auto-exploring this place.
 F = Levels seen in this place.
 G = Mean time per level.
                   A        B        C        D        E       F      G
               +--------+--------+--------+--------+--------+-----+--------+
         Total |  11070 |  10654 |    416 |   1308 |   7395 |  12 |  922.5 |
       Dungeon |  10178 |   9762 |    416 |   1308 |   6726 |  11 |  925.3 |
         Sewer |    892 |    892 |      0 |      0 |    669 |   1 |  892.0 |
               +--------+--------+--------+--------+--------+-----+--------+

Top non-repeatable levels by time:
     D:9: 1207 daAuts
     D:7: 1192 daAuts
     D:2: 1078 daAuts
    D:10: 1077 daAuts
     D:8: 1072 daAuts
     D:3: 1048 daAuts
     D:6: 993 daAuts
   Sewer: 892 daAuts
     D:4: 823 daAuts
     D:5: 805 daAuts
     D:1: 735 daAuts
    D:11: 144 daAuts
